 Dungeon Crawl Stone Soup version 0.29-a0-517-gbdf32494f2 (webtiles) character file.

Game seed: 8718398656047048222

48 pokeman the Magician (level 3, -1/20 HPs)
             Began as a Deep Elf Hedge Wizard on May 30, 2022.
             Slain by Sigmund
             ... wielding a +6 scythe of protection
              (13 damage)
             ... on level 2 of the Dungeon.
             The game lasted 00:02:28 (2148 turns).

pokeman the Magician (Deep Elf Hedge Wizard)        Turns: 2148, Time: 00:02:28

Health: -1/20      AC:  3    Str:  7    XL:     3   Next: 50%
Magic:  11/11      EV: 12    Int: 20    God:
Gold:   39         SH:  0    Dex: 14    Spells: 1/12 levels left

rFire   . . .      SeeInvis .   l - +1 mace (holy)
rCold   . . .      Faith    .   (no shield)
rNeg    . . .      Spirit   .   b - +0 robe
rPois   .          Reflect  .   c - +0 hat
rElec   .          Harm     .   f - +0 cloak
rCorr   .          Rampage  .   (no gloves)
Will    .....                   (no boots)
Stlth   +.........              (no amulet)
HPRegen 0.06/turn               (no ring)
MPRegen 0.12/turn               (no ring)

@: confused
A: no striking features
a: no special abilities


You were on level 2 of the Dungeon.
You visited 1 branch of the dungeon, and saw 2 of its levels.

You collected 39 gold pieces.

Inventory:

Hand Weapons
 l - a +1 mace of holy wrath (weapon)
Armour
 b - a +0 robe (worn)
 c - a +0 hat (worn)
 f - a +0 cloak (worn)
 i - a +0 kite shield
Magical Staves
 e - a staff of cold
Scrolls
 a - a scroll of teleportation {unknown}
 g - 2 scrolls of identify {unknown}
 j - a scroll of fear {unknown}
 k - 2 scrolls of immolation {unknown}
 m - a scroll of acquirement {unknown}
Potions
 d - 2 potions of magic
 h - 2 potions of curing {unknown}


   Skills:
 - Level 1.0 Fighting
 + Level 0.9 Armour
 + Level 2.4 Dodging
 - Level 2.4 Stealth
 * Level 5.2 Spellcasting
 + Level 1.9 Conjurations
 - Level 1.1 Summonings
 - Level 1.1 Translocations


You had one spell level left.
You knew the following spells:

 Your Spells              Type           Power      Damage    Failure   Level
a - Magic Dart            Conj           52%        1d5       4%          1
b - Mephitic Cloud        Conj/Pois/Air  7%         N/A       26%         3
c - Call Imp              Summ           9%         N/A       11%         2
d - Blink                 Tloc           18%        N/A       11%         2
e - Conjure Flame         Conj/Fire      9%         6-21      22%         3

Your spell library contained the following spells:

 Spells                   Type           Power      Damage    Failure   Level
 Slow                     Hex            20%        N/A       12%         1
 Lesser Beckoning         Tloc           9%         N/A       22%         3
 Manifold Assault         Tloc           9%         N/A       89%         5


Dungeon Overview and Level Annotations

Branches:
Dungeon (2/15)

Altars:

Annotations:
D:2 Sigmund


Message History

Casting: Magic Dart (safe; 5% risk of failure)
Confirm with . or Enter, or press ? or * to list all spells.
You can't see any susceptible monsters within range! (Use Z to cast anyway.)
A goblin comes into view. It is wielding a +0 dagger.
Found an escape hatch in the floor.
You see here 8 gold pieces.
Unknown command.
A goblin is nearby!
Casting: Magic Dart (safe; 5% risk of failure)
Confirm with . or Enter, or press ? or * to list all spells.
Aiming: Magic Dart (safe; 5% risk of failure)
Press: ? - help, Shift-Dir - straight line, f - goblin
Aim: a goblin, wielding a +0 dagger (asleep, 100% to hit)
The magic dart hits the goblin.
You kill the goblin!
Casting: Magic Dart (safe; 4% risk of failure)
Confirm with . or Enter, or press ? or * to list all spells.
You can't see any susceptible monsters within range! (Use Z to cast anyway.) Unknown command.
You now have 39 gold pieces (gained 8).
There is an escape hatch in the floor, spattered with blood here.
You see here a +0 dagger.
Sigmund the Dreaded comes into view.
He is wielding a +6 scythe of protection.
Sigmund points at you and mumbles some strange words.
You are confused.
A gnoll comes into view. It is wielding a +0 whip.
The gnoll shouts!
Sigmund gestures at you while chanting.
You are more confused.
A gnoll comes into view. It is wielding a +0 halberd.
The gnoll moves out of view.
The gnoll shouts!
You hear a shout!
Sigmund mumbles some strange words.
Sigmund flickers and vanishes!
Deactivating autopickup; reactivate with Ctrl-A.
Something hits you!
A gnoll comes into view. It is wielding a +0 club.
Something hits you!
Ouch! That really hurt!
You die...

###........ #.....###..
#.###...#.# ##.# ###.#.#
###>.# #...# # ###...##
###.<##
#.##.####...######......
......{.................
#.##...@....####.######.
#....#....### #. #. ##..
#g#### # #. #. ... ## #.
..## # ....# .g. .. .


You could see 2 gnolls.

Vanquished Creatures
  An adder (D:2)
  A worm (D:2)
  5 ball pythons (D:1)
  2 bats (D:1)
  6 endoplasms
  A giant cockroach (D:1)
  4 goblins
  3 hobgoblins
  2 quokkas (D:1)
  A frilled lizard (D:1)
  2 kobolds (D:1)
  4 rats (D:1)
32 creatures vanquished.

Vanquished Creatures (others)
  A plant (D:1)
1 creature vanquished.

Grand Total: 33 creatures vanquished

Notes
Turn   | Place    | Note
-------+----------+-------------------------------------------
     0 | D:1      | pokeman the Deep Elf Hedge Wizard began the quest for the
                  | Orb.
     0 | D:1      | Reached XP level 1. HP: 10/10 MP: 7/7
   332 | D:1      | Found a faded altar of an unknown god.
   455 | D:1      | Reached XP level 2. HP: 15/15 MP: 7/9
   978 | D:1      | Reached skill level 5 in Spellcasting
  1296 | D:1      | Reached XP level 3. HP: 12/20 MP: 11/11
  1300 | D:1      | Learned a level 3 spell: Mephitic Cloud
  1303 | D:1      | Learned a level 2 spell: Call Imp
  1306 | D:1      | Learned a level 2 spell: Blink
  1310 | D:1      | Learned a level 3 spell: Conjure Flame
  2074 | D:2      | Reached skill level 1 in Fighting
  2140 | D:2      | Noticed Sigmund
  2148 | D:2      | Slain by Sigmund

Illustrated notes

Levels and vault maps discovered:
D:1:      scummos_arrival_star, layout_loops_corners,
          shapermc_ecumenical_altar_gd
D:2:      layout_rooms, uniq_crazy_yiuf_cottage, uniq_sigmund

Skill      XL: |  1  2  3 |
---------------+----------+-----
Spellcasting   | 5 |  5.2
Fighting       | 1 |  1.0
Armour         | |  0.9
Dodging        | |  2.4
Stealth        | |  2.4
Conjurations   | |  1.9
Summonings     | |  1.1
Translocations | |  1.1

Action                   || total
-------------------------++-------
Melee: Staff             ||     3
       Mace              ||     5
 Cast: Magic Dart        ||    80
Armor: Robe              ||     3
Dodge: Dodged            ||     8

Table legend: (Time is in decaauts)
 A = Elapsed time spent in this place.
 B = Non-inter-level travel time spent in this place.
 C = Inter-level travel time spent in this place.
 D = Time resting spent in this place.
 E = Time spent auto-exploring this place.
 F = Levels seen in this place.
 G = Mean time per level.
                   A        B        C        D        E       F      G
               +--------+--------+--------+--------+--------+-----+--------+
         Total |   2149 |   2106 |     43 |      8 |   1892 |   2 | 1074.5 |
       Dungeon |   2149 |   2106 |     43 |      8 |   1892 |   2 | 1074.5 |
               +--------+--------+--------+--------+--------+-----+--------+

Top non-repeatable levels by time:
     D:1: 1753 daAuts
     D:2: 395 daAuts
